 Dungeon Crawl Stone Soup version 0.21.1-1-g345015f (webtiles) character file.

282 xccam the Cudgeler (level 6, -1/70 HPs)
             Began as a Demonspawn Abyssal Knight on Mar 2, 2018.
             Was a Believer of Lugonu.
             Slain by Menkaure (5 damage)
             ... on level 4 of the Dungeon.
             The game lasted 00:07:20 (3105 turns).

xccam the Cudgeler (Demonspawn Abyssal Knight)      Turns: 3105, Time: 00:07:20

Health: -1/70      AC: 30    Str: 14    XL:     6   Next: 6%
Magic:  7/7        EV:  2    Int: 13    God:    Lugonu [**....]
Gold:   190        SH:  0    Dex: 13    Spells: 5/5 levels left

rFire    . . .     SeeInvis .   n - +1 mace (protect)
rCold    . . .     Gourm    .   (no shield)
rNeg     + + +     Faith    .   (armour currently unavailable)
rPois    +         Spirit   .   (helmet currently unavailable)
rElec    .         Reflect  .   (cloak currently unavailable)
rCorr    .         Harm     .   (gloves currently unavailable)
MR       .....     NoTele   +   (boots currently unavailable)
Stlth    +.........             (no amulet)
HPRegen  0.21/turn              (no ring)
MPRegen  0.10/turn              (no ring)

@: tree-form, protection aura
A: freezing cloud immunity
a: Depart the Abyss, Bend Space, Renounce Religion


You were on level 4 of the Dungeon.
You worshipped Lugonu.
Lugonu was pleased with you.
You were not hungry.
You were a tree.
You visited 1 branch of the dungeon, and saw 4 of its levels.
You visited the Abyss 1 time.

You collected 190 gold pieces.

Inventory:

Hand Weapons
 a - a +1 mace
 h - a +1 whip of flaming
 n - a +1 mace of protection (weapon)
Armour
 b - a +0 leather armour (melded)
 e - a +1 helmet (melded)
Scrolls
 g - a scroll of blinking
 i - 3 scrolls of enchant armour
 k - 6 scrolls of identify
 l - a scroll of fog
 m - a scroll of remove curse
 o - a scroll of magic mapping
Potions
 d - a potion of flight
 f - a potion of brilliance
Comestibles
 c - 6 rations


   Skills:
 - Level 3.0 Fighting
 + Level 5.9 Maces & Flails
 - Level 1.7 Armour
 - Level 0.8 Dodging
 - Level 2.4 Invocations


You had 5 spell levels left.
You didn't know any spells.

Dungeon Overview and Level Annotations

Branches:
Dungeon (4/15)
 Temple: D:4-7

Altars:
Ashenzari
Xom

Annotations:
D:4 Menkaure


Innate Abilities, Weirdness & Mutations

((You have large cloven feet.))
((Your flesh is cold resistant. (rC+)))
You are immune to freezing clouds.


Message History

Unknown command.
Okay, then.
You hit Menkaure.
Menkaure is moderately damaged.
Menkaure grins.
Menkaure hits you but does no damage.
You hit Menkaure.
Menkaure is moderately damaged.
Menkaure hits you but does no damage.
You hit Menkaure.
Menkaure is moderately damaged.
Menkaure completely misses you. Menkaure hits you but does no damage.
You hit Menkaure but do no damage.
Menkaure is moderately damaged.
Menkaure hits you!
* * * LOW HITPOINT WARNING * * *
You hit Menkaure.
Menkaure is heavily damaged.
Menkaure hits you.
You die...

#...............###
#...............'.##
#...............#.<#
###.######......#..#
#.# ###+#.....# #.##
####.## #..# #.#
##M#################
#.♣................
#.#...#...#...#...#
#..................
###...#...#...#...#
#.................
##################


You could see Menkaure.

Vanquished Creatures
  2 crimson imps (D:3)
  An orc priest (D:3)
  2 orc wizards (D:3)
  5 adders
  3 oozes
  A dart slug (D:1)
  A leopard gecko (D:3)
  4 orcs (D:3)
  A ball python (D:2)
  8 giant cockroaches
  7 goblins
  7 hobgoblins
  A jackal (D:2)
  7 kobolds
  9 bats
  6 frilled lizards
  5 rats
70 creatures vanquished.

Vanquished Creatures (others)
  2 starspawn tentacles (Abyss:1)
2 creatures vanquished.

Grand Total: 72 creatures vanquished

Notes
Turn   | Place    | Note
-------+----------+-------------------------------------------
     0 | Abyss:1  | xccam the Demonspawn Abyssal Knight began the quest for the Orb.
     0 | Abyss:1  | Reached XP level 1. HP: 18/18 MP: 2/2
   108 | Abyss:1  | Noticed a large abomination
   113 | Abyss:1  | Noticed a tentacled starspawn
   210 | D:1      | Escaped the Abyss
   244 | D:1      | Reached skill level 2 in Maces & Flails
   415 | D:1      | Gained mutation: You have large cloven feet. [demonic ancestry]
   415 | D:1      | Reached XP level 2. HP: 16/24 MP: 3/3
   426 | D:1      | Reached * piety under Lugonu
   761 | D:1      | Reached skill level 3 in Maces & Flails
   840 | D:1      | Reached XP level 3. HP: 28/29 MP: 4/4
  1443 | D:2      | Reached XP level 4. HP: 18/35 MP: 5/5
  1757 | D:2      | Reached skill level 4 in Maces & Flails
  2189 | D:3      | Reached ** piety under Lugonu
  2467 | D:3      | Gained mutation: Your flesh is cold resistant. (rC+) [demonic ancestry]
  2467 | D:3      | Reached XP level 5. HP: 33/41 MP: 6/6
  2486 | D:3      | Reached skill level 5 in Maces & Flails
  2789 | D:3      | Found a shimmering altar of Xom.
  2848 | D:3      | Gained mutation: You are immune to freezing clouds. [demonic ancestry]
  2848 | D:3      | Reached XP level 6. HP: 29/47 MP: 7/7
  3050 | D:4      | Found a shattered altar of Ashenzari.
  3075 | D:4      | Noticed Menkaure
  3105 | D:4      | Slain by Menkaure

Skill      XL: |  1  2  3  4  5 |
---------------+----------------+-----
Maces & Flails | 2 3 4 5 |  5.9
Fighting       | |  3.0
Armour         | |  1.7
Dodging        | |  0.8
Invocations    | |  2.4

Action                   |  1- 3 |  4- 6 || total
-------------------------+-------+-------++-------
Melee: Mace              |    25 |   108 ||   133
       Whip              |   138 |    24 ||   162
       Kick              |    17 |    23 ||    40
Invok: Depart the Abyss  |     1 |       ||     1
  Use: Scroll            |     4 |     4 ||     8
       Potion            |       |     5 ||     5
  Eat: Chunk             |     2 |     5 ||     7
Armor: Leather armour    |    76 |    55 ||   131
       Skin              |       |     4 ||     4
Dodge: Dodged            |    95 |    91 ||   186
